 Dungeon Crawl Stone Soup version 0.13.0-6-g40e4d2d (webtiles) character file.

618918 CrazyArbalest the Kobold Arbalest (level 27, -42/140 (142) HPs)
             Began as a Kobold Hunter on Oct 12, 2013.
             Was the Champion of Okawaru.
             Killed from afar by an orb of fire (86 damage)
             ... with a fireball
             ... on Level 5 of the Realm of Zot on Oct 15, 2013.
             The game lasted 1day 05:28:02 (98128 turns).

CrazyArbalest the Kobold Arbalest (KoHu)        Turns: 98128, Time: 1, 05:28:02

HP -42/140 (142) AC 27     Str 18      XL: 27
MP   0/43        EV 40     Int 12      God: Okawaru [******]
Gold 7555        SH  0     Dex 26      Spells:  2 memorised, 23 levels left

Res.Fire  : . . .   See Invis. : .   b - +6 crossbow "Cioga" {velocity, rC++ rN+}
Res.Cold  : + + .   Warding    : .   A - +6 ring mail of the Sun {+Blink +Rage +Fly MR++ Acc+5}
Life Prot.: + + .   Conserve   : +   (no shield)
Res.Poison: .       Res.Corr.  : +   L - +2 hat of the Bear Spirit {Spirit, +Rage rN+ MR+}
Res.Elec. : .       Clarity    : .   T - +0 cloak {rCorr, Cons}
Sust.Abil.: . .     Spirit.Shd : +   O - +5 pair of gloves "Straoterch" {Dex+4 Int+1 Dam+4}
Res.Mut.  : .       Stasis     : .   E - +2 pair of boots {run}
Res.Rott. : .       Flight     : .   x - amulet of faith
Saprovore : + + .                    C - ring "Blumiuggo" {Hunger- Dex+2 Stlth+}
                                     m - ring "Qyxkepn" {Hunger- Str+2 Dam+2}

@: very slightly contaminated, hasted, very quick, extraordinarily resistant to
hostile enchantments, uncannily stealthy
A: disease resistance, carnivore 3, fast metabolism 1, -10% hp, saprovore 2, Dex
-2
a: Heroism, Finesse, Renounce Religion, Evoke Blink, Evoke Berserk Rage, Evoke
Flight
}: 3/15 runes: serpentine, barnacled, silver


You were on level 5 of the Realm of Zot.
You worshipped Okawaru.
Okawaru was exalted by your worship.
You were very full.

You visited 10 branches of the dungeon, and saw 64 of its levels.
You visited the Abyss 1 time.
You also visited: Volcano.

You collected 8463 gold pieces.
You spent 928 gold pieces at shops.

Inventory:

Hand weapons
 b - the +6,+6 crossbow "Cioga" (weapon) {velocity, rC++ rN+}
   (Okawaru gifted it to you on level 2 of the Lair of Beasts)

   Any bolt fired from it inflicts extra damage.
   It greatly protects you from cold.
   It protects you from negative energy.
 k - the +10,-1 crossbow of Moitoyn {elec, rN+}
   (Okawaru gifted it to you on level 1 of the Realm of Zot)

   It charges the ammunition it shoots with electricity; occasionally upon a
   hit, such missiles may discharge and cause terrible harm.
   It protects you from negative energy.
 n - the +5,+8 short sword of Truir {slice, +Blink +Fly rF+ rN+}
   (You found it on level 15 of the Dungeon)

   It inflicts extra damage upon your enemies.
   It protects you from fire.
   It protects you from negative energy.
   It lets you fly.
   It lets you blink.
 I - the +4,-2 sabre of a treasure trove {flame, rPois}
   (Okawaru gifted it to you on level 5 of the Realm of Zot)

   It emits flame when wielded, causing extra injury to most foes and up to
   double damage against particularly susceptible opponents.
   Big, fiery blades are also staple armaments of hydra-hunters.
   It protects you from poison.
 K - a +5,+4 elven dagger of venom
 W - a +3,+5 elven dagger of holy wrath
Missiles
 r - 25 poisoned bolts
 t - 32 bolts of frost
 u - 19 silver bolts (quivered)
 G - 20 bolts of flame
 U - 32 steel bolts
 V - 49 bolts of penetration
Armour
 l - a +4 troll leather armour
 p - a +2 helmet of see invisible
 w - a +1 cloak of preservation
 A - the +6 ring mail of the Sun (worn) {+Blink +Rage +Fly MR++ Acc+5}
   (You found it on level 5 of the Vaults)

   It affects your accuracy (+5).
   It affects your resistance to hostile enchantments.
   It lets you fly.
   It lets you blink.
   It lets you go berserk.
 E - a +2 pair of boots of running (worn)
 L - the +2 hat of the Bear Spirit (worn) {Spirit, +Rage rN+ MR+}
   (You bought it in a shop on level 4 of the Orcish Mines)

   It protects you from negative energy.
   It affects your resistance to hostile enchantments.
   It lets you go berserk.
 O - the +5 pair of gloves "Straoterch" (worn) {Dex+4 Int+1 Dam+4}
   (You found it on level 27 of the Dungeon)

   It affects your intelligence (+1).
   It affects your dexterity (+4).
   It affects your damage-dealing abilities (+4).
 P - a +2 cloak of preservation
 T - a +0 cloak of preservation (worn)
Magical devices
 F - a wand of flame (20)
 M - a wand of heal wounds (2)
 N - a wand of hasting (3)
 R - a wand of teleportation (6)
 S - a wand of digging (4)
Comestibles
 f - 6 meat rations
Scrolls
 d - a scroll of amnesia
 g - a scroll of random uselessness
 s - 7 scrolls of teleportation
 z - 2 scrolls of noise
 D - 8 scrolls of remove curse
Jewellery
 a - an uncursed ring of protection from fire
 j - an uncursed ring of protection from fire
 m - the ring "Qyxkepn" (left hand) {Hunger- Str+2 Dam+2}
   (You found it on level 20 of the Dungeon)

   [ring of sustenance]

   It affects your strength (+2).
   It affects your damage-dealing abilities (+2).
 x - an amulet of faith (around neck)
 y - an uncursed amulet of inaccuracy {unknown}
 C - the ring "Blumiuggo" (right hand) {Hunger- Dex+2 Stlth+}
   (You found it on level 3 of the Elven Halls)

   [ring of sustenance]

   It affects your dexterity (+2).
   It makes you much more stealthy.
Potions
 e - 3 potions of curing
 h - 4 potions of heal wounds
 q - 2 potions of speed
 B - a potion of flight
 H - a potion of brilliance
 Q - 2 potions of restore abilities
 X - 2 potions of might
Books
 i - a book of Enchantments

   Spells                             Type                      Level
   Cause Fear                         Hexes                        4
   Silence                            Hexes/Air                    5
   Tukima's Dance                     Hexes                        5
   Deflect Missiles                   Charms/Air                   6
   Haste                              Charms                       6
   Discord                            Hexes                        8
 o - a book of Annihilations {highlevel}

   This book is beyond your current level of understanding.

   Spells                             Type                      Level
   Poison Arrow                       Conjuration/Poison           6
   Orb of Destruction                 Conjuration                  7
   Chain Lightning                    Conjuration/Air              8
   Lehudib's Crystal Spear            Conjuration/Earth            8
   Ice Storm                          Conjuration/Ice              9
   Fire Storm                         Conjuration/Fire             9
 v - a book of Debilitation

   Spells                             Type                      Level
   Corona                             Hexes                        1
   *Slow                              Hexes                        2
   Inner Flame                        Hexes/Fire                   3
   Enslavement                        Hexes                        4
   Cause Fear                         Hexes                        4
   Leda's Liquefaction                Hexes/Earth                  4
 J - a Young Poisoner's Handbook

   Spells                             Type                      Level
   Sting                              Conjuration/Poison           1
   Cure Poison                        Poison                       2
   Mephitic Cloud                     Conjuration/Poison/Air       3
   Olgreb's Toxic Radiance            Poison                       4
   Venom Bolt                         Conjuration/Poison           5


   Skills:
 + Level 11.7 Fighting
 - Level 9.3 Short Blades
 O Level 27 Crossbows
 * Level 12.0 Armour
 O Level 27 Dodging
 * Level 25.2 Stealth
 + Level 23.1 Invocations
 + Level 7.7 Evocations


You had 23 spell levels left.
You knew the following spells:

 Your Spells              Type           Power        Failure   Level  Hunger
a - Confusing Touch       Hex            #.........   34%         1    ##.....
b - Slow                  Hex            #.......     52%         2    ###....


Dungeon Overview and Level Annotations

Branches:
Dungeon (27/27)            Temple (1/1) D:5             Orc (4/4) D:11
    Elf (3/3) Orc:3          Lair (8/8) D:11         Shoals (5/5) Lair:4
  Snake (5/5) Lair:3        Slime (0/6) Lair:7       Vaults (5/5) D:20
  Blade (1/1) Vaults:3      Crypt (0/5) Vaults:3        Zot (5/5) D:27

Altars:
Ashenzari
Cheibriados
Elyvilon
Fedhas
Makhleb
Nemelex Xobeh
Okawaru
Sif Muna
Trog
Vehumet
Xom
Yredelemnul
Zin
the Shining One
Beogh

Shops:
D:10 }   D:11 +   D:20 [/   Orc:3 =}=(   Orc:4 =+[}   Elf:1 !   Elf:3 +
Shoals:5 *

Portals:
Hell: D:21 D:22 D:23 D:24 D:25 D:26 D:27
Abyss: D:23 D:24 D:25 D:26
Pandemonium: D:24 D:25 D:26

Annotations:
D:14 exclusion: oklob plant
Shoals:5 exclusion: 2 oklob plants
Vaults:2 exclusion: Roxanne, Roxanne


Innate Abilities, Weirdness & Mutations

You recuperate from illness quickly.
You are small and have problems with some larger weapons.
You are carnivorous and can eat meat at any time.
You can eat rotten meat.
You are clumsy. (Dex -2)
You have a fast metabolism.
You are frail (-10% HP).


Message History

The lava snake spits lava!
The glob of lava misses you.
You are very lightly contaminated with residual magic.
Unknown command.
Drink which item? (? for menu, Esc to quit)
You feel much better.
The orb of fire glows deep purple.
The bolt of fire hits the lava snake.
The lava snake completely resists.
The bolt of fire misses you.
An Orb Guardian comes into view.
The lava snake spits lava!
The glob of lava misses you.
The orb of fire glows red.
The bolt of fire misses you.
The lava snake spits lava!
The glob of lava hits you!
Found 41 gold pieces. 2 Orb Guardians come into view.
The lava snake spits lava!
The glob of lava misses you.
The orb of fire glows deep purple.
The fireball explodes!
The fireball engulfs you!
Ouch! That really hurt!
You die...

.#####≈§########...#§§§≈.≈** #
.....≈..≈...,,.....≈≈≈§§≈≈≈*
.....≈..≈.,,,,*#...≈≈≈§≈≈≈,*
######≈≈##**** #..8§≈S≈≈≈≈≈*
#..########....≈≈≈§§≈.
#..#..........D≈≈§≈≈≈≈*
#..#.........8SS≈≈≈≈≈.**
#.............*S.≈≈.≈.,**
######..........@...........,****
............................,,,,,
#################.##########* ***
,,,,** ,,,,,....,,,,,, **,,
,,,,,** **,,....... ,,,** * ,,
,,,,,** *......$..., ,* **, ,, ,
,,,,* **.........., * *, ,,,
,,,,,,,* *..X........* ,,,,, ,,,,
,,* **,....X...X,** *,,,,,


You could see a bone dragon, an orb of fire, an Orb Guardian (sleeping) and 4
lava snakes.

Vanquished Creatures
  An orb of fire (Zot:2)
  Saint Roka (D:22)
  Boris (twice) (D:20 Blade)
  Sojobo (D:20)
  Margery (D:20)
  Norris (Snake:3)
  A Killer Klown (Zot:5)
  Lamia (Snake:3)
  Mara (Snake:3)
  Mennas (Vaults:2)
  5 golden dragons
  Jory (D:22)
  4 electric golems
  Xtahua (D:22)
  2 illusory
  Maras (Snake:3)
  Nikola (Vaults:3)
  7 bone dragons
  A Brimstone Fiend (Elf:3)
  18 tentacled monstrosities
  2 titans (Vaults:5)
  2 deep elf blademasters (Elf:3)
  2 deep elf master archers (Elf:3)
  13 storm dragons
  4 sphinxes
  2 krakens
  A lich (Vaults:2)
  Rupert (Snake:3)
  Agnes (D:19)
  Frances (Vaults:4)
  6 shadow dragons
  Kirke (Vaults:2)
  A draconian monk (Zot:2)
  9 tengu reavers
  Ilsuiw (Shoals:5)
  An azure jelly (shapeshifter) (Vaults:5)
  2 deep elf sorcerers
  7 vault wardens
  An iron dragon (D:24)
  Donald (Snake:5)
  5 frost giants
  11 fire giants
  Wiglaf (D:19)
  7 draconian knights
  A ghost moth (Zot:4)
  Aizul (Vaults:4)
  Louise (D:14)
  A frost giant (shapeshifter) (Vaults:2)
  2 draconian scorchers
  Gastronok (Lair:2)
  3 orc warlords
  4 draconian zealots
  3 draconian annihilators
  Jorgrun (Vaults:2)
  65 stone giants
  4 grey draconians
  4 draconian callers
  2 draconian shifters
  12 greater nagas
  9 green draconians
  6 deep elf demonologists
  2 eidola (Vaults:4)
  12 deep elf annihilators
  7 mottled draconians
  11 yellow draconians
  4 white draconians
  7 red draconians
  4 merfolk javelineers (Shoals:5)
  8 purple draconians
  9 black draconians
  6 pale draconians
  9 merfolk impalers
  8 deep elf death magi (Elf:3)
  14 ettins
  A great orb of eyes (shapeshifter) (Vaults:5)
  5 dragons
  30 vault guards
  2 sirens
  10 ironheart preservers
  7 death cobs
  2 deep elf high priests
  Fannar (D:11)
  55 yaktaur captains
  2 merfolk aquamancers (Shoals:5)
  A ravenous item mimic (Vaults:5)
  Josephine (Orc:2)
  2 hydras (shapeshifter)
  21 dancing weapons
  8 ice dragons
  Nessos (D:14)
  5 great orbs of eyes
  8 hydras
  2 ravenous feature mimics
  Erica (Lair:2)
  10 deep troll earth magi
  10 deep troll shamans
  17 ogre magi
  8 anacondas
  2 alligators (D:13)
  17 death yaks
  6 very ugly things
  18 naga warriors
  5 orc high priests
  Urug (D:14)
  3 catoblepae (Lair:8)
  Nergalle (D:16)
  A fire crab (D:20)
  A storm dragon zombie (D:22)
  A shadow wraith (D:21)
  3 soul eaters
  4 iron trolls
  5 hell knights
  The ghost of Lilouch the Basher, an experienced GrFi of Okawaru (D:9)
  29 centaur warriors
  An unseen horror (shapeshifter) (Elf:3)
  2 storm dragon skeletons
  3 death drakes
  5 skeletal warriors (D:16)
  13 sea snakes
  25 deep elf knights
  An ice devil (Zot:3)
  A deep troll (shapeshifter) (Vaults:5)
  2 necromancers
  4 spectral elves (Elf:3)
  29 deep trolls
  7 flayed ghosts
  2 large abominations
  17 hill giants
  7 unseen horrors
  A hill giant (shapeshifter) (Vaults:5)
  A giant orange brain (Abyss:1)
  43 orc knights
  2 lindwurms (shapeshifter)
  8 griffons
  2 giant amoebae
  20 deep elf conjurers
  6 lindwurms
  9 ironbrand convokers
  8 crystal golems (D:12)
  A wolf spider zombie (D:20)
  8 red wasps
  9 orc sorcerers
  2 fire giant zombies (Vaults:3)
  An oklob plant (D:27)
  5 draconian zombies
  20 moths of wrath
  A shining eye (D:24)
  5 wolf spiders
  4 stone giant zombies
  A red wasp (shapeshifter) (Vaults:5)
  A sixfirhy (Elf:3)
  7 elephants
  A moth of wrath (shapeshifter) (Vaults:5)
  9 spiny worms
  20 harpies
  2 cyclopes (shapeshifter)
  7 cyclopes
  3 fire giant skeletons
  Maurice (D:11)
  8 phantasmal warriors
  2 frost giant skeletons
  A black mamba (shapeshifter) (D:25)
  A stone golem (D:16)
  4 small abominations
  An eye of devastation (D:15)
  17 stone giant skeletons
  14 deep elf summoners
  2 eyes of devastation (shapeshifter)
  20 guardian serpents
  A tormentor (Elf:3)
  9 vault sentinels
  Psyche (D:12)
  A smoke demon (Abyss:1)
  11 spiny frogs
  42 black mambas
  20 mermaids
  2 orange demons
  A yaktaur (shapeshifter) (D:21)
  70 yaktaurs
  3 hellwings
  An iron troll zombie (D:18)
  A feature mimic (Lair:8)
  11 fire drakes
  8 naga magi
  6 red devils
  A draconian (shapeshifter) (D:22)
  A spriggan (shapeshifter) (Vaults:5)
  Grinder (D:3)
  A jumping spider (Elf:2)
  A hydra zombie (D:11)
  A harpy zombie (Vaults:1)
  A blue devil (D:23)
  31 two-headed ogres
  2 wandering mushrooms
  19 deep elf priests
  3 iron troll skeletons
  12 blink frogs
  A troll (shapeshifter) (Vaults:2)
  11 trolls
  A polar bear (shapeshifter) (D:19)
  5 boulder beetles
  10 komodo dragons
  A blink frog (shapeshifter) (D:16)
  A trapdoor spider zombie (D:12)
  A red wasp zombie (D:15)
  An ettin zombie (D:17)
  10 basilisks
  70 yaks
  A vampire (D:15)
  4 shadows
  A grizzly bear (shapeshifter) (Vaults:5)
  15 snapping turtles
  A stone giant simulacrum (Vaults:2)
  An ugly thing zombie (D:18)
  A griffon zombie (D:16)
  A trapdoor spider (D:14)
  9 water elementals
  2 tarantellas
  10 redbacks
  52 slime creatures
  4 ettin skeletons
  4 wyverns
  4 sharks
  3 hill giant zombies
  A ynoxinul (Abyss:1)
  134 ugly things
  2 elephant slugs
  27 deep elf magi
  2 hungry ghosts
  2 manticores (shapeshifter)
  3 wraiths
  Grum (D:12)
  52 deep elf fighters
  A spiny worm zombie (Vaults:2)
  36 hippogriffs
  54 merfolk
  A hill giant skeleton (D:12)
  27 manticores
  6 neqoxecs
  6 swamp worms (Lair:3)
  21 wolves
  3 golden eyes
  Edmund (D:9)
  2 deep troll zombies
  6 mottled dragons
  An elf (shapeshifter) (Vaults:4)
  26 vampire mosquitoes
  An orange crystal statue (D:12)
  2 hell hounds (D:13)
  3 deep troll skeletons
  5 swamp drakes (D:27)
  6 freezing wraiths
  9 porcupines
  72 nagas
  64 ogres
  3 sky beasts
  A deep dwarf (D:9)
  2 giant goldfish
  2 black bears (D:9)
  A phantom (D:7)
  4 ice beasts
  2 starcursed masses (Abyss:1)
  71 orc warriors
  4 tengu (Shoals:2)
  A yellow wasp (D:16)
  A black bear (shapeshifter) (Vaults:2)
  16 crocodiles
  A rotting devil (D:27)
  5 big kobolds
  7 wargs
  37 centaurs
  Sigmund (D:3)
  A vampire mosquito zombie (D:18)
  18 giant slugs
  A komodo dragon zombie (D:15)
  3 lava worms
  48 water moccasins
  2 yaktaur zombies
  2 cyclops zombies
  3 brain worms
  A manticore zombie (D:8)
  14 giant frogs
  12 agate snails
  2 yaktaur skeletons
  A boulder beetle zombie (D:18)
  2 troll zombies
  3 cyclops skeletons
  22 killer bees
  A yak zombie (D:15)
  4 wights (D:10)
  A hippogriff zombie (D:14)
  A yak skeleton (D:15)
  A fire bat (D:13)
  7 jellyfish
  A goliath beetle (shapeshifter) (D:25)
  6 crimson imps
  4 goliath beetles
  3 vampire bats (D:13)
  2 big fish (Lair:3)
  4 electric eels (D:13)
  2 quasits
  14 hounds
  3 centaur skeletons
  A giant frog zombie (D:12)
  34 orc priests
  A basilisk zombie (D:13)
  13 jellies
  40 orc wizards
  An iron imp (Abyss:1)
  A two-headed ogre zombie (D:15)
  5 scorpions
  13 iguanas
  4 orange rats
  A statue (D:6)
  7 worker ants
  A killer bee zombie (D:11)
  21 sheep
  Ijyb (D:3)
  5 boggarts
  A two-headed ogre simulacrum (D:15)
  A mottled dragon skeleton (D:15)
  An ogre skeleton (D:5)
  Terence (D:3)
  A mummy (D:12)
  52 adders
  11 gnolls
  41 green rats
  A giant mite (D:6)
  4 giant centipedes
  A white imp (Elf:2)
  13 worms
  An ufetubus (Abyss:1)
  An adder zombie (D:8)
  An adder skeleton (D:5)
  2 grey rats (D:13)
  5 giant eyeballs
  10 giant geckos
  5 oozes
  248 orcs
  32 bats
  3 giant cockroaches
  14 hobgoblins
  39 jackals
  15 quokkas
  5 ball pythons
  A giant gecko skeleton (D:4)
  A giant gecko zombie (D:5)
  9 giant newts
  2 giant spores
  28 goblins
  A goblin skeleton (Orc:2)
  A hobgoblin skeleton (D:7)
  49 kobolds
  A kobold skeleton (D:6)
  A kobold zombie (D:6)
  An orc simulacrum (Orc:2)
  2 orc zombies (Orc:2)
  A quokka skeleton (D:7)
  21 rats
  20 ballistomycetes
  8 crawling corpses
  A fungus (Elf:3)
  6 plants
3284 creatures vanquished.

Vanquished Creatures (others)
  A fire giant (D:24)
  A white draconian (Zot:3)
  A harpy (Shoals:5)
  A naga mage (Snake:5)
  A golden eye (Vaults:4)
  A boring beetle (D:24)
  A human (Vaults:2)
  An adder (Snake:5)
  A giant spore (D:9)
  2 fungi (Lair:2)
  131 tentacles
  684 tentacle segments
826 creatures vanquished.

Grand Total: 4110 creatures vanquished

Notes
Turn   | Place    | Note
--------------------------------------------------------------
     0 | D:1      | CrazyArbalest, the Kobold Hunter, began the quest for the Orb.
     0 | D:1      | Reached XP level 1. HP: 12/12 MP: 0/0
    39 | D:1      | Reached skill level 5 in Crossbows
    47 | D:1      | Reached XP level 2. HP: 8/17 MP: 1/1
   656 | D:1      | Reached XP level 3. HP: 14/21 MP: 2/2
  1499 | D:2      | Reached XP level 4. HP: 26/26 MP: 3/3
  1548 | D:2      | Reached skill level 6 in Crossbows
  2689 | D:3      | Reached XP level 5. HP: 28/31 MP: 4/4
  2984 | D:3      | Noticed Terence
  3208 | D:3      | Noticed a giant frog
  3212 | D:3      | Killed a giant frog
  3212 | D:3      | Reached skill level 1 in Short Blades
  3226 | D:3      | Reached XP level 6. HP: 36/36 MP: 5/5
  3253 | D:3      | Reached skill level 7 in Crossbows
  3478 | D:3      | Noticed Ijyb
  3479 | D:3      | Noticed Grinder
  3488 | D:3      | Killed Ijyb
  3526 | D:3      | Paralysed by Grinder for 5 turns
  3541 | D:3      | Killed Grinder
  3541 | D:3      | Reached skill level 8 in Crossbows
  3541 | D:3      | Reached XP level 7. HP: 23/40 MP: 6/6
  3675 | D:3      | Killed Terence
  3693 | D:3      | Noticed Sigmund
  3700 | D:3      | Killed Sigmund
  3715 | D:3      | Reached skill level 9 in Crossbows
  4308 | D:4      | Found a white marble altar of Elyvilon.
  4308 | D:4      | Found a glowing golden altar of the Shining One.
  4856 | D:5      | Entered Level 5 of the Dungeon
  4865 | D:5      | Reached skill level 5 in Dodging
  4865 | D:5      | Reached XP level 8. HP: 45/45 MP: 7/7
  5334 | D:5      | Reached skill level 10 in Crossbows
  5421 | D:5      | Found a staircase to the Ecumenical Temple.
  5426 | D:5      | Paralysed by a giant eyeball for 2 turns
  5439 | Temple   | Entered the Ecumenical Temple
  5456 | Temple   | Became a worshipper of Warmaster Okawaru
  6308 | D:6      | Found a radiant altar of Vehumet.
  6390 | D:6      | Reached skill level 11 in Crossbows
  6390 | D:6      | Reached XP level 9. HP: 40/50 MP: 8/8
  6627 | D:7      | Acquired Okawaru's first power
  6767 | D:7      | Found a shimmering altar of Xom.
  6770 | D:7      | Found a shimmering altar of Xom.
  6771 | D:7      | Found a shimmering altar of Xom.
  6771 | D:7      | Found a shimmering altar of Xom.
  7746 | D:8      | Got an ichor-stained plate armour
  8268 | D:8      | Reached skill level 12 in Crossbows
  8829 | D:9      | Noticed Lilouch's ghost (experienced GrFi)
  8898 | D:9      | Killed Lilouch's ghost
  8898 | D:9      | Reached skill level 5 in Short Blades
  8898 | D:9      | Reached XP level 10. HP: 19/56 MP: 10/10
  8996 | D:9      | Paralysed by a giant eyeball for 3 turns
  9059 | D:9      | Reached skill level 13 in Crossbows
  9172 | D:9      | Noticed Edmund
  9187 | D:9      | Killed Edmund
 10486 | D:10     | Entered Level 10 of the Dungeon
 10686 | D:10     | Reached skill level 14 in Crossbows
 10823 | D:10     | Found Caasm's Gadget Shop.
 11325 | D:10     | Reached XP level 11. HP: 16/60 MP: 11/11
 11391 | D:10     | Received a gift from Okawaru
 11697 | D:10     | Reached skill level 1 in Evocations
 11785 | D:10     | Reached skill level 15 in Crossbows
 12050 | D:11     | Noticed Fannar
 12085 | D:11     | Killed Fannar
 12085 | D:11     | Reached skill level 1 in Invocations
 12104 | D:11     | Found Golash's Book Boutique.
 12328 | D:11     | Found a staircase to the Lair.
 12397 | D:11     | Received a gift from Okawaru
 12511 | D:11     | Found a white marble altar of Elyvilon.
 12864 | D:11     | Noticed a hill giant
 12871 | D:11     | Killed a hill giant
 12871 | D:11     | Reached skill level 16 in Crossbows
 13239 | D:11     | Noticed a hill giant
 13254 | D:11     | Killed a hill giant
 13263 | D:11     | Received a gift from Okawaru
 13558 | D:11     | Noticed Maurice
 13588 | D:11     | Killed Maurice
 13588 | D:11     | Received a gift from Okawaru
 13624 | D:11     | Paralysed by a giant eyeball for 4 turns
 14012 | D:11     | Reached skill level 10 in Dodging
 14012 | D:11     | Reached XP level 12. HP: 67/67 MP: 14/14
 14150 | D:11     | Found a staircase to the Orcish Mines.
 14288 | D:12     | Received a gift from Okawaru
 14358 | D:12     | Noticed Psyche
 14361 | D:12     | Noticed Grum
 14364 | D:12     | Paralysed by Psyche for 4 turns
 14373 | D:12     | Paralysed by Psyche for 2 turns
 14378 | D:12     | Killed Psyche
 14382 | D:12     | Killed Grum
 14386 | D:12     | Received a gift from Okawaru
 14671 | D:12     | Reached skill level 17 in Crossbows
 14677 | D:12     | Acquired Okawaru's second power
 15528 | Lair:1   | Entered Level 1 of the Lair of Beasts
 15545 | Lair:1   | Received a gift from Okawaru
 15669 | Lair:1   | Reached skill level 5 in Fighting
 16010 | Lair:1   | Received a gift from Okawaru
 16454 | Lair:2   | HP: 3/67 [spiny frog (21)]
 16475 | Lair:2   | Noticed Gastronok
 16610 | Lair:2   | Received a gift from Okawaru
 16611 | Lair:2   | Got a polished crossbow {god gift}
 16612 | Lair:2   | Identified the crossbow "Cioga" {god gift, velocity, rC++ rN+} (Okawaru gifted it to you on level 2 of the Lair of Beasts)
 16642 | Lair:2   | Noticed Erica
 16661 | Lair:2   | Killed Erica
 16705 | Lair:2   | Reached skill level 18 in Crossbows
 16705 | Lair:2   | Reached XP level 13. HP: 50/72 MP: 16/16
 16955 | Lair:2   | Killed Gastronok
 16955 | Lair:2   | Reached skill level 5 in Stealth
 17459 | Lair:3   | Received a gift from Okawaru
 17479 | Lair:3   | Found a staircase to the Snake Pit.
 17613 | Lair:3   | Received a gift from Okawaru
 17617 | Lair:3   | Reached skill level 19 in Crossbows
 17758 | Lair:3   | Received a gift from Okawaru
 17759 | Lair:3   | Got a steaming leather armour {god gift}
 18265 | Lair:2   | Upgraded the game from 0.13.0 to 0.13.0-3-g966e3ec
 18274 | Lair:2   | Identified the +0 leather armour of Responsibility {Int+5} (Okawaru gifted it to you on level 3 of the Lair of Beasts)
 19340 | Lair:4   | Found a staircase to the Shoals.
 19783 | Lair:4   | Got a bloodstained chain mail
 20132 | Lair:5   | Reached XP level 14. HP: 78/78 MP: 12/18
 20147 | Lair:5   | Reached skill level 20 in Crossbows
 20439 | Lair:5   | Received a gift from Okawaru
 20642 | Lair:5   | Received a gift from Okawaru
 20674 | Lair:5   | Reached skill level 21 in Crossbows
 20699 | Lair:5   | Received a gift from Okawaru
 20802 | Lair:5   | Received a gift from Okawaru
 21583 | Lair:6   | Received a gift from Okawaru
 22604 | Lair:7   | Found a dark tunnel.
 22609 | Volcano  | Entered a volcano
 23065 | Lair:7   | Found a staircase to the Slime Pits.
 23068 | Lair:7   | Received a gift from Okawaru
 23318 | Lair:7   | Reached skill level 22 in Crossbows
 23330 | Lair:7   | Reached XP level 15. HP: 62/83 MP: 21/21
 24089 | Lair:8   | Entered Level 8 of the Lair of Beasts
 24630 | Lair:8   | Received a gift from Okawaru
 24754 | Lair:8   | Received a gift from Okawaru
 24771 | Lair:8   | Got a bloodstained crossbow {god gift}
 24772 | Lair:8   | Identified the crossbow "Toen" {god gift, elec, rElec} (Okawaru gifted it to you on level 8 of the Lair of Beasts)
 24886 | Lair:8   | Reached skill level 5 in Invocations
 25035 | Lair:8   | Reached skill level 23 in Crossbows
 25042 | Lair:8   | Received a gift from Okawaru
 25474 | Orc:1    | Entered Level 1 of the Orcish Mines
 26063 | Orc:3    | Found Utew's Gadget Boutique.
 26063 | Orc:3    | Found Ychabid's Jewellery Shop.
 26137 | Orc:3    | Found a staircase to the Elven Halls.
 26263 | Orc:2    | Noticed Josephine
 26269 | Orc:2    | Killed Josephine
 26822 | Orc:2    | Received a gift from Okawaru
 26908 | Orc:3    | Found Strelo Lesheo's Jewellery Shop.
 27059 | Orc:3    | Found a roughly hewn altar of Beogh.
 27474 | Orc:4    | Entered Level 4 of the Orcish Mines
 27644 | Orc:4    | Received a gift from Okawaru
 28099 | Orc:4    | Found Bler's Gadget Shop.
 28129 | Orc:4    | Found Schequas' Armour Shoppe.
 28144 | Orc:4    | Reached skill level 15 in Dodging
 28160 | Orc:4    | Reached XP level 16. HP: 88/88 MP: 24/24
 28177 | Orc:4    | Found Tyllaoci's Book Shoppe.
 28177 | Orc:4    | Found Smuylunonk's Jewellery Shop.
 28343 | Orc:4    | Bought the +2 hat of the Bear Spirit {Spirit, +Rage rN+ MR+} for 510 gold pieces
 28496 | Orc:3    | Found Thod's Antique Weapon Boutique.
 28563 | Orc:3    | Bought a steaming dagger for 210 gold pieces
 28564 | Orc:3    | Identified the cursed dagger "Triag" {vamp, rPois rC- Dex+3 Int+3} (You bought it in a shop on level 3 of the Orcish Mines)
 29057 | D:12     | Received a gift from Okawaru
 29716 | D:13     | Received a gift from Okawaru
 30804 | D:13     | Received a gift from Okawaru
 30817 | D:13     | Identified a +2 pair of boots of running (Okawaru gifted it to you on level 13 of the Dungeon)
 30926 | D:14     | Entered Level 14 of the Dungeon
 31598 | D:14     | Noticed Louise
 31818 | D:14     | Noticed Nessos
 31832 | D:14     | Killed Nessos
 31983 | D:14     | Noticed Urug
 31988 | D:14     | Killed Urug
 32328 | D:14     | Killed Louise
 32717 | Elf:1    | Entered Level 1 of the Elven Halls
 33032 | Elf:1    | Found Klue's Distillery.
 33064 | Elf:1    | Bought a potion of porridge for 16 gold pieces
 33064 | Elf:1    | Bought a potion of poison for 16 gold pieces
 33241 | Elf:1    | Reached skill level 24 in Crossbows
 33872 | Elf:2    | Received a gift from Okawaru
 33949 | Elf:2    | Found a burning altar of Makhleb.
 34033 | Elf:2    | Received a gift from Okawaru
 34041 | Elf:2    | Reached XP level 17. HP: 51/92 MP: 11/25
 34081 | Elf:2    | Found a roughly hewn altar of Beogh.
 34743 | Elf:2    | Received a gift from Okawaru
 35157 | Lair:2   | Identified 2 scrolls of acquirement
 35424 | Elf:3    | Entered Level 3 of the Elven Halls
 35470 | Elf:3    | Received a gift from Okawaru
 35693 | Elf:3    | Received a gift from Okawaru
 35707 | Elf:3    | Reached skill level 25 in Crossbows
 35863 | Elf:3    | Found Mnuqauc's Book Shoppe.
 36367 | Elf:3    | Noticed a deep elf blademaster
 36376 | Elf:3    | Killed a deep elf blademaster
 36417 | Elf:3    | Noticed a Brimstone Fiend
 36437 | Elf:3    | Killed a Brimstone Fiend
 36496 | Elf:3    | Reached XP level 18. HP: 93/98 MP: 22/28
 36497 | Elf:3    | Noticed a deep elf blademaster
 36501 | Elf:3    | Received a gift from Okawaru
 36508 | Elf:3    | Killed a deep elf blademaster
 36508 | Elf:3    | Reached skill level 26 in Crossbows
 36529 | Elf:3    | Received a gift from Okawaru
 36597 | Elf:3    | Noticed a deep elf master archer
 36605 | Elf:3    | Killed a deep elf master archer
 36636 | Elf:3    | Noticed a deep elf master archer
 36643 | Elf:3    | Killed a deep elf master archer
 36964 | Elf:3    | Got a wavering jade ring
 37065 | Elf:3    | Got a brightly glowing scale mail
 37068 | Elf:3    | Got a dazzling fire dragon armour
 37155 | Elf:3    | Identified the +5 scale mail "Puuleex" {Str-4} (You found it on level 3 of the Elven Halls)
 37170 | Elf:3    | Identified the cursed -3 fire dragon armour of Music {rF++ rC- Dex+3 Int+3} (You found it on level 3 of the Elven Halls)
 37175 | Elf:3    | Got a scintillating lead ring
 37215 | Elf:3    | Identified a +1 cloak of preservation (You found it on level 3 of the Elven Halls)
 37302 | Elf:3    | Got a bloodstained leather armour
 37312 | Elf:3    | Identified the +0 leather armour of the Ward {+Blink Acc+2} (You found it on level 3 of the Elven Halls)
 38592 | Elf:1    | Bought a potion of invisibility for 88 gold pieces
 38592 | Elf:1    | Bought a potion of agility for 40 gold pieces
 38592 | Elf:1    | Bought a potion of mutation for 48 gold pieces
 38883 | Elf:3    | Received a gift from Okawaru
 39512 | Lair:2   | Identified the ring of Suspected Treachery {Wiz Str+5 Dex-5 Int+2} (You found it on level 3 of the Elven Halls)
 39669 | D:15     | Entered Level 15 of the Dungeon
 39795 | D:15     | Received a gift from Okawaru
 40197 | D:15     | Got a steaming short sword
 40667 | D:15     | Received a gift from Okawaru
 40766 | D:15     | Received a gift from Okawaru
 41078 | Lair:2   | Identified the short sword of Truir {slice, +Blink +Fly rF+ rN+} (You found it on level 15 of the Dungeon)
 41367 | D:15     | Received a gift from Okawaru
 41368 | D:15     | Got an ancient cloak {god gift}
 41387 | D:15     | Identified the -4 cloak of Atez {rElec} (Okawaru gifted it to you on level 15 of the Dungeon)
 41555 | D:16     | Noticed Nergalle
 41559 | D:16     | Reached skill level 27 in Crossbows
 41560 | D:16     | Killed Nergalle
 42498 | D:17     | Reached skill level 10 in Invocations
 42608 | D:17     | Reached XP level 19. HP: 103/103 MP: 31/31
 44293 | D:18     | Received a gift from Okawaru
 45203 | D:19     | Received a gift from Okawaru
 45377 | D:19     | Noticed Agnes
 45429 | D:19     | Noticed Wiglaf
 45444 | D:19     | Killed Wiglaf
 45459 | D:19     | Killed Agnes
 45865 | D:20     | Entered Level 20 of the Dungeon
 45865 | D:20     | Found a staircase to the Vaults.
 46504 | Lair:2   | Identified the ring "Blumiuggo" {Hunger- Dex+2 Stlth+} (You found it on level 3 of the Elven Halls)
 46826 | D:20     | Noticed Margery
 46831 | D:20     | Received a gift from Okawaru
 46840 | D:20     | Killed Margery
 46843 | D:20     | Got a crude crossbow {god gift}
 46873 | D:20     | Found Pliehit's Magical Wand Boutique.
 47057 | D:20     | Got a sparkling copper ring
 47308 | D:20     | Noticed Sojobo
 47345 | D:20     | Reached skill level 1 in Armour
 47371 | D:20     | Killed Sojobo
 47371 | D:20     | Reached XP level 20. HP: 38/108 MP: 4/32
 47445 | D:20     | Received a gift from Okawaru
 47448 | D:20     | Got a warped leather armour {god gift}
 47468 | D:20     | Found a radiant altar of Vehumet.
 47470 | D:20     | Found Crao's Antique Armour Emporium.
 47564 | D:20     | Noticed Boris
 47596 | D:20     | Killed Boris
 47596 | D:20     | Reached skill level 10 in Stealth
 47888 | Lair:2   | Identified the crossbow of Veibri {god gift, venom, MR++} (Okawaru gifted it to you on level 20 of the Dungeon)
 47940 | Lair:2   | Identified the +0 leather armour of Fallacy {Int+1 Dam+4} (Okawaru gifted it to you on level 20 of the Dungeon)
 47951 | Lair:2   | Identified the ring "Qyxkepn" {Hunger- Str+2 Dam+2} (You found it on level 20 of the Dungeon)
 48057 | Lair:2   | Identified the +5 chain mail "Khyqag" {Int+3} (You found it on level 4 of the Lair of Beasts)
 48327 | Lair:2   | Learned a level 1 spell: Confusing Touch
 48330 | Lair:2   | Learned a level 2 spell: Slow
 49500 | D:21     | Received a gift from Okawaru
 49527 | D:21     | Found a gateway to Hell.
 50136 | D:22     | Noticed Xtahua
 50161 | D:22     | Killed Xtahua
 50515 | D:22     | Received a gift from Okawaru
 50536 | D:22     | Got a transparent crossbow {god gift}
 50578 | D:22     | Noticed Jory
 50606 | D:22     | Killed Jory
 50717 | D:22     | Noticed Saint Roka
 50738 | D:22     | Killed Saint Roka
 51042 | D:22     | Received a gift from Okawaru
 51081 | D:22     | Reached XP level 21. HP: 112/112 MP: 34/34
 51534 | D:22     | Identified the crossbow "Throzom" {god gift, speed, +Blink +Inv rN+} (Okawaru gifted it to you on level 22 of the Dungeon)
 52213 | Snake:1  | Entered Level 1 of the Snake Pit
 52215 | Snake:1  | Received a gift from Okawaru
 52506 | Snake:1  | Found a radiant altar of Vehumet.
 52704 | Snake:1  | Found Clashunk's Assorted Antiques.
 52708 | Snake:1  | Clashunk's Assorted Antiques was a mimic.
 53675 | Snake:3  | Noticed Lamia
 53705 | Snake:3  | Killed Lamia
 53705 | Snake:3  | Received a gift from Okawaru
 53736 | Snake:3  | Noticed Rupert
 53742 | Snake:3  | Killed Rupert
 53822 | Snake:3  | Noticed Mara
 53936 | Snake:3  | Noticed Norris
 53964 | Snake:3  | Killed Norris
 53964 | Snake:3  | Received a gift from Okawaru
 54051 | Snake:3  | Reached skill level 5 in Armour
 54299 | Snake:3  | Noticed Mara
 54299 | Snake:3  | Noticed Mara
 54299 | Snake:3  | Killed Mara
 54299 | Snake:3  | Killed Mara
 54300 | Snake:3  | Killed Mara
 55096 | Snake:4  | Received a gift from Okawaru
 55454 | Snake:4  | Received a gift from Okawaru
 55859 | Snake:5  | Entered Level 5 of the Snake Pit
 55869 | Snake:5  | Found a glowing silver altar of Zin.
 56556 | Snake:5  | Noticed Donald
 56563 | Snake:5  | Killed Donald
 56607 | Snake:5  | Received a gift from Okawaru
 56699 | Snake:5  | Reached skill level 15 in Invocations
 57030 | Snake:5  | Cast into the Abyss (the power of Zot)
 57036 | Abyss:1  | Found an iron altar of Okawaru.
 57343 | Abyss:1  | Reached XP level 22. HP: 101/118 MP: 32/36
 57513 | Abyss:1  | Gained mutation: You have a fast metabolism. [a neqoxec]
 57517 | Abyss:1  | Gained mutation: You are frail (-10% HP). [a neqoxec]
 57701 | Snake:5  | Escaped the Abyss
 57734 | Snake:5  | Received a gift from Okawaru
 57831 | Snake:5  | Got a serpentine rune of Zot
 58741 | D:23     | Received a gift from Okawaru
 58970 | D:23     | Received a gift from Okawaru
 59277 | D:23     | Noticed a golden dragon
 59290 | D:23     | Killed a golden dragon
 59476 | D:23     | Received a gift from Okawaru
 59539 | D:23     | Noticed a golden dragon
 59688 | D:23     | Killed a golden dragon
 59688 | D:23     | Received a gift from Okawaru
 59849 | D:23     | Received a gift from Okawaru
 60123 | D:23     | Received a gift from Okawaru
 60330 | D:23     | Found a one-way gate to the infinite horrors of the Abyss.
 60335 | D:23     | Reached XP level 23. HP: 109/109 MP: 33/37
 60569 | D:23     | Received a gift from Okawaru
 60570 | D:23     | Got a pair of slimy gloves {god gift}
 60796 | D:23     | Identified the +2 pair of gloves of Briklae {+Blink rC+ Str+3} (Okawaru gifted it to you on level 23 of the Dungeon)
 61589 | Vaults:1 | Entered Level 1 of the Vaults
 61854 | Vaults:1 | Reached skill level 15 in Stealth
 63071 | Vaults:2 | Noticed Jorgrun
 63082 | Vaults:2 | Killed Jorgrun
 63414 | Vaults:2 | Received a gift from Okawaru
 63682 | Vaults:2 | Noticed Mennas
 63700 | Vaults:2 | Killed Mennas
 63700 | Vaults:2 | Received a gift from Okawaru
 63726 | Vaults:2 | Noticed Kirke
 63737 | Vaults:2 | Killed Kirke
 63887 | Vaults:2 | Noticed Roxanne
 64470 | Vaults:2 | Received a gift from Okawaru
 65052 | Vaults:2 | Received a gift from Okawaru
 65053 | Vaults:2 | Got a shimmering buckler {god gift}
 65400 | Lair:2   | Identified the +1 buckler of the Moon {+Inv +Fly rPois} (Okawaru gifted it to you on level 2 of the Vaults)
 65867 | Vaults:3 | Found an iron altar of Okawaru.
 66140 | Vaults:3 | Found a staircase to the Hall of Blades.
 66492 | Vaults:3 | Found a staircase to the Crypt.
 66751 | Vaults:3 | Reached XP level 24. HP: 90/115 MP: 32/39
 67267 | Vaults:3 | Received a gift from Okawaru
 67478 | Vaults:3 | Noticed Nikola
 67488 | Vaults:3 | Killed Nikola
 67509 | Vaults:3 | Identified a +0 cloak of preservation (You found it on level 3 of the Vaults)
 67512 | Vaults:3 | Identified a +2 cloak of preservation (You took it off Nikola on level 3 of the Vaults)
 68182 | Lair:2   | Upgraded the game from 0.13.0-3-g966e3ec to 0.13.0-5-g7e31f0a
 68205 | Lair:2   | Upgraded the game from 0.13.0-5-g7e31f0a to 0.13.0-6-g40e4d2d
 68656 | Vaults:4 | Noticed Frances
 68669 | Vaults:4 | Killed Frances
 68741 | Vaults:4 | Noticed Aizul
 68756 | Vaults:4 | Killed Aizul
 69026 | Vaults:4 | Received a gift from Okawaru
 69098 | Vaults:4 | Received a gift from Okawaru
 69107 | Vaults:4 | Identified the Catalogue of Execration
 69519 | Vaults:4 | Got a polished leather armour
 69728 | Vaults:4 | Reached skill level 10 in Fighting
 70432 | Blade    | Entered the Hall of Blades
 70535 | Blade    | Noticed Boris
 70562 | Blade    | Killed Boris
 70562 | Blade    | Received a gift from Okawaru
 71305 | Lair:2   | Identified the cursed +1 leather armour of Salvation {rF+} (You found it on level 4 of the Vaults)
 71819 | Vaults:5 | Entered Level 5 of the Vaults
 72084 | Vaults:4 | Reached XP level 25. HP: 95/130 MP: 25/39
 72159 | Vaults:4 | Received a gift from Okawaru
 73241 | Vaults:5 | Got a shimmering chain mail
 73243 | Vaults:5 | Got a silver rune of Zot
 73467 | Vaults:4 | Identified the +6 chain mail of Stoub {Str+1 Dex+1} (You found it on level 5 of the Vaults)
 74645 | Vaults:5 | Received a gift from Okawaru
 75170 | Vaults:5 | Got a transparent ring mail
 75245 | Vaults:5 | Identified the +6 ring mail of the Sun {+Blink +Rage +Fly MR++ Acc+5} (You found it on level 5 of the Vaults)
 75435 | Vaults:5 | Got a slimy amber ring
 75519 | Vaults:5 | Received a gift from Okawaru
 75554 | Vaults:5 | Got a bronze leather armour
 75887 | Vaults:5 | Identified the +5 leather armour "Ziwki" {Str-4 Dex+1 Curse} (You found it on level 5 of the Vaults)
 75933 | Vaults:5 | Identified Smoruant's Tome of Excruciating Flight (You found it on level 5 of the Vaults)
 76181 | Vaults:5 | Reached XP level 26. HP: 133/135 MP: 41/41
 77259 | Lair:2   | Identified the ring "Gaigug" {Str-2 Int+2 Stlth+} (You found it on level 5 of the Vaults)
 77391 | Shoals:1 | Entered Level 1 of the Shoals
 77892 | Shoals:1 | Received a gift from Okawaru
 77901 | Shoals:1 | Got a pair of warped boots {god gift}
 80356 | Shoals:4 | Identified the -5 pair of boots of Huqeumum {MR+} (Okawaru gifted it to you on level 1 of the Shoals)
 81229 | Shoals:5 | Entered Level 5 of the Shoals
 81231 | Shoals:5 | Noticed Ilsuiw
 81245 | Shoals:5 | Killed Ilsuiw
 81388 | Shoals:5 | Found Shruthiest's General Store.
 81421 | Shoals:5 | Got a smoking dagger
 81494 | Shoals:5 | Reached skill level 27 in Dodging
 82038 | Shoals:5 | Got a bone dagger
 82142 | Shoals:5 | Reached skill level 5 in Evocations
 82361 | Shoals:5 | Got a barnacled rune of Zot
 83237 | Lair:2   | Identified the cursed dagger of Fate {antimagic, rF+ Str+3} (You found it on level 5 of the Shoals)
 83259 | Lair:2   | Identified the dagger "Jeozircho" {freeze, *Rage rElec Dex+2 Int+1 SInv} (You took it off a merfolk on level 5 of the Shoals)
 84430 | D:12     | Got a faintly glowing sabre
 84643 | Lair:2   | Identified the sabre of Immorality {slice, rF+ Str-1 SInv} (You found it on level 12 of the Dungeon)
 85125 | D:24     | Received a gift from Okawaru
 85233 | D:24     | Reached skill level 10 in Armour
 85455 | D:24     | Found a one-way gate leading to the halls of Pandemonium.
 85522 | D:24     | Reached XP level 27. HP: 117/140 MP: 33/41
 86264 | D:25     | Entered Level 25 of the Dungeon
 86480 | D:25     | Received a gift from Okawaru
 86574 | D:25     | Received a gift from Okawaru
 87146 | D:25     | Received a gift from Okawaru
 88245 | D:26     | Received a gift from Okawaru
 88366 | D:26     | Received a gift from Okawaru
 89101 | D:26     | Received a gift from Okawaru
 89333 | D:26     | Received a gift from Okawaru
 90640 | D:27     | Entered Level 27 of the Dungeon
 91318 | D:27     | Found a sparkling altar of Nemelex Xobeh.
 91657 | D:27     | Received a gift from Okawaru
 91896 | D:27     | Got a pair of crude gloves
 92121 | D:27     | Received a gift from Okawaru
 92405 | D:27     | Identified a +0 cloak of preservation (You took it off a black draconian on level 27 of the Dungeon)
 92766 | D:27     | Identified the +5 pair of gloves "Straoterch" {Dex+4 Int+1 Dam+4} (You found it on level 27 of the Dungeon)
 93860 | Zot:1    | Entered Level 1 of the Realm of Zot
 94211 | Zot:1    | Received a gift from Okawaru
 94212 | Zot:1    | Got a crystal crossbow {god gift}
 94721 | Zot:2    | Received a gift from Okawaru
 94814 | Zot:2    | Noticed an orb of fire
 94876 | Zot:2    | Received a gift from Okawaru
 95412 | Zot:2    | Gained mutation: You are clumsy. (Dex -2) [an orb of fire]
 95416 | Zot:2    | Killed an orb of fire
 96147 | Zot:3    | Received a gift from Okawaru
 96938 | Zot:4    | Received a gift from Okawaru
 96940 | Zot:4    | Identified the crossbow of Moitoyn {god gift, elec, rN+} (Okawaru gifted it to you on level 1 of the Realm of Zot)
 97759 | Zot:5    | Entered Level 5 of the Realm of Zot
 97891 | Zot:5    | Received a gift from Okawaru
 97892 | Zot:5    | Got an ancient sabre {god gift}
 97958 | Zot:5    | Identified the sabre of a treasure trove {god gift, flame, rPois} (Okawaru gifted it to you on level 5 of the Realm of Zot)
 97988 | Zot:5    | Identified a +1 cloak of preservation (You took it off a black draconian on level 2 of the Realm of Zot)
 97991 | Zot:5    | Identified a +0 cloak of preservation (You took it off a draconian caller on level 4 of the Realm of Zot)
 98121 | Zot:5    | Noticed an orb of fire
 98128 | Zot:5    | Killed from afar by an orb of fire

Action                   |  1- 3 |  4- 6 |  7- 9 | 10-12 | 13-15 | 16-18 | 19-21 | 22-24 | 25-27 || total
-------------------------+-------+-------+-------+-------+-------+-------+-------+-------+-------++-------
Melee: Short sword       |   114 |   118 |   125 |       |       |    19 |    28 |    10 |   106 ||   520
       Sabre             |       |       |   246 |  1053 |   349 |    51 |       |       |       ||  1699
       Crossbow          |       |       |       |     1 |       |     5 |     3 |     1 |       ||    10
       Dagger            |       |       |       |       |    82 |    10 |     5 |     2 |       ||    99
 Fire: Crossbow          |    12 |    70 |   180 |   461 |  1006 |  1274 |  1713 |  1719 |  3414 ||  9849
Invok: Heroism           |       |       |     1 |    18 |    15 |    11 |    17 |    22 |    47 ||   131
       Finesse           |       |       |       |     1 |     8 |     6 |    10 |     8 |    17 ||    50
 Abil: Evoke Flight      |       |       |       |       |       |       |       |       |    11 ||    11
       Stop Flying       |       |       |       |       |       |       |       |       |    10 ||    10
Evoke: Wand              |       |     1 |     3 |    10 |    35 |     3 |       |     9 |     7 ||    68
  Use: Scroll            |       |       |    14 |     8 |     6 |    11 |    21 |    10 |    14 ||    84
       Potion            |       |       |     1 |     5 |     1 |     2 |     6 |     4 |    28 ||    47
 Stab: Sleeping          |       |       |     5 |     4 |     7 |     3 |     8 |    11 |    24 ||    62
       Distracted        |       |       |       |     3 |     1 |       |       |       |       ||     4
